AoeStats
← IsabelSabe

Golden Pit

508089947Analyzed
1v1 RM · 12d ago on Sep 20, 2026· 51m 50s· 2 players
Game mode
Random Map
Map size
Tiny (2 player)
Population
200
Speed
Normal
Resources
Standard
Victory
Conquest
Starting age
Dark Age
Ending age
Imperial Age
RankedLock teamsTeams togetherTeam positionsShared explorationLock speedFull tech treeHidden civsTurbo modeCheats
Victory
Defeat
🇺🇸 Cumans · United States
989
+15
🇲🇽 Malay · Mexico
972
-15
Dangerus1079
7:14 Loom
8:15 Loom
10:11 Feudal Age
16:20 Double-Bit Axe
21:57 Castle Age
20:39 Man-at-Arms
23:46 Gold Mining
23:54 Stone Mining
24:29 Town Watch
28:16 Gold Shaft Mining
36:33 Imperial Age
35:08 Wheelbarrow
35:08 Treadmill Crane
35:11 Elite Skirmisher
37:00 Conscription
39:33 Elite Karambit Warrior
41:58 Chemistry
49:03 Husbandry
50:14 Light Cavalry
50:55 Husbandry
51:42 Murder Holes
51:37 Pikeman
52:18 Squires
IsabelSabe
7:05 Loom
10:26 Feudal Age
11:11 Double-Bit Axe
22:14 Castle Age
22:47 Scale Barding Armor
31:36 Imperial Age
30:39 Fletching
30:50 Padded Archer Armor
32:03 Bodkin Arrow
32:23 Leather Archer Armor
34:25 Town Watch
35:24 Ballistics
37:39 Conscription
38:43 Chemistry
38:19 Masonry
41:20 Town Patrol
41:56 Wheelbarrow
45:40 Light Cavalry
46:16 Hussar
47:07 Bloodlines
Connection lost

Rejoining the realm…

Still unreachable

The connection could not be restored.

Session expired

The server has moved on; the page needs a fresh start.